BSA
SO CAL BRUINS @ NEW ORLEANS LOOTERS
10/10/2030
 
TOP OF THE 1ST
So Cal Bruins batting - Pitching for New Orleans Looters : RHP Edward Baker
Pitching: RHP Edward Baker
Batting: RHB Dani Vázquez 0-0: Foul Ball, location: 2F
0-1: Ball
1-1: Ball
2-1: Called Strike
2-2: Ball
3-2: Ground out 6-3 (Groundball, 6)
Batting: LHB Jesús Campos 0-0: Foul Ball, location: 2F
0-1: Foul Ball, location: 2F
0-2: Foul Ball, location: 2F
0-2: Ball
1-2: Foul Ball, location: 2F
1-2: Foul Ball, location: 2F
1-2: Ball
2-2: Foul Ball, location: 2F
2-2: Ball
3-2: Foul Ball, location: 2F
3-2: Fly out, F7 (Flyball, 7)
Batting: SHB Martín De Jesús 0-0: Ball
1-0: Foul Ball, location: 2F
1-1: Foul Ball, location: 2F
1-2: Strikes out swinging
Top of the 1st over - 0 runs, 0 hits, 0 errors, 0 left on base; So Cal 0 - New Orleans 0
BOTTOM OF THE 1ST
New Orleans Looters batting - Pitching for So Cal Bruins : RHP Won-min Im
Pitching: RHP Won-min Im
Batting: LHB Miguel Colón 0-0: Ball
1-0: Swinging Strike
1-1: Foul Ball, location: 2F
1-2: Reached on error, E4 (Groundball, 4MS)
Batting: RHB Rubén Vázquez 0-0: Swinging Strike
0-1: Ball
1-1: Called Strike
1-2: Strikes out looking
Batting: SHB Arturo Sánchez 0-0: Called Strike
Miguel Colón steals 3rd base
0-1: Called Strike
0-2: Ball
1-2: SINGLE (Groundball, 34D)
Miguel Colón scores
Batting: LHB Taylor Smith 0-0: Called Strike
0-1: Ball
Wild Pitch!
Arturo Sánchez to second
1-1: Reached on error, E3 (Groundball, 34)
Arturo Sánchez to third
Batting: SHB Oliver Deleón 0-0: Ball
1-0: Ball
2-0: Ball
3-0: Fly out, F6 (Line Drive, 6)
Batting: RHB Ramón Hernández 0-0: Ball
Wild Pitch!
Arturo Sánchez scores
Taylor Smith to second
1-0: Ground out 5-3 (Groundball, 56)
Bottom of the 1st over - 2 runs, 1 hit, 2 errors, 1 left on base; So Cal 0 - New Orleans 2
TOP OF THE 2ND
So Cal Bruins batting - Pitching for New Orleans Looters : RHP Edward Baker
Batting: RHB Earl Wiggins 0-0: Ball
1-0: Hit by Pitch
Batting: LHB José Antonio Santiago 0-0: Called Strike
0-1: Ball
1-1: SINGLE (Flyball, 89M)
Earl Wiggins to second
Runner from 2nd tries for 3rd, SAFE, no throw
Batting: RHB Rubén Calderón 0-0: Swinging Strike
0-1: Ball
1-1: Swinging Strike
1-2: Strikes out looking
Batting: LHB Brent Alonzo 0-0: Called Strike
0-1: Called Strike
0-2: Ball
1-2: Strikes out looking
José Antonio Santiago steals 2nd base
Batter strikes out.
Batting: RHB William Richardson 0-0: Called Strike
0-1: Called Strike
0-2: Strikes out swinging
Top of the 2nd over - 0 runs, 1 hit, 0 errors, 2 left on base; So Cal 0 - New Orleans 2
BOTTOM OF THE 2ND
New Orleans Looters batting - Pitching for So Cal Bruins : RHP Won-min Im
Batting: RHB Dave O'Loan 0-0: Ball
1-0: Swinging Strike
1-1: Ball
2-1: Ball
3-1: Base on Balls
Batting: RHB Greg Handrahan 0-0: Called Strike
0-1: Foul Ball, location: 2F
0-2: Ball
1-2: Ball
2-2: Foul Ball, location: 2F
2-2: Grounds into double play, 6-4-3 (Groundball, 6)
Batting: RHB Run-ming Zhu 0-0: Ground out 5-3 (Groundball, 56S)
Bottom of the 2nd over - 0 runs, 0 hits, 0 errors, 0 left on base; So Cal 0 - New Orleans 2
TOP OF THE 3RD
So Cal Bruins batting - Pitching for New Orleans Looters : RHP Edward Baker
Batting: LHB Jeff Carter 0-0: Fly out, F9 (Flyball, 9)
Batting: RHB Dani Vázquez 0-0: Called Strike
0-1: Ball
1-1: Ball
2-1: Swinging Strike
2-2: Ball
3-2: Foul Ball, location: 2F
3-2: Ground out U3 (Groundball, 34)
Batting: LHB Jesús Campos 0-0: Fly out, F8 (Flyball, 78D)
Top of the 3rd over - 0 runs, 0 hits, 0 errors, 0 left on base; So Cal 0 - New Orleans 2
BOTTOM OF THE 3RD
New Orleans Looters batting - Pitching for So Cal Bruins : RHP Won-min Im
Batting: LHB Miguel Colón 0-0: Ball
1-0: Ball
2-0: Called Strike
2-1: SINGLE (Line Drive, 8RS)
Batting: RHB Rubén Vázquez 0-0: Called Strike
Miguel Colón steals 2nd base
0-1: Foul Ball, location: 2F
0-2: Fly out, F4 (Line Drive, 34D)
Batting: SHB Arturo Sánchez 0-0: Called Strike
0-1: Called Strike
0-2: Ball
1-2: Ball
2-2: Strikes out looking
Batting: LHB Taylor Smith 0-0: Ball
1-0: Ball
2-0: Fly out, F4 (Popup, 34D)
Bottom of the 3rd over - 0 runs, 1 hit, 0 errors, 1 left on base; So Cal 0 - New Orleans 2
TOP OF THE 4TH
So Cal Bruins batting - Pitching for New Orleans Looters : RHP Edward Baker
Batting: SHB Martín De Jesús 0-0: Ball
1-0: Ball
2-0: Called Strike
2-1: Foul Ball, location: 2F
2-2: Ball
3-2: Ground out 6-3 (Groundball, 6M)
Batting: RHB Earl Wiggins 0-0: Called Strike
0-1: Ball
1-1: Ball
2-1: SOLO HOME RUN (Flyball, 9LD), Distance : 362 ft
Batting: LHB José Antonio Santiago 0-0: Ball
1-0: Ball
2-0: SINGLE (Flyball, 9S)
Batting: RHB Rubén Calderón 0-0: Called Strike
0-1: Ball
1-1: Ball
2-1: Ball
3-1: Fly out, F8 (Line Drive, 8RXD)
Runner from 1st tags up, SAFE at 2nd
Batting: LHB Brent Alonzo 0-0: Called Strike
0-1: Fly out, F8 (Flyball, 8LS)
Top of the 4th over - 1 run, 2 hits, 0 errors, 1 left on base; So Cal 1 - New Orleans 2
BOTTOM OF THE 4TH
New Orleans Looters batting - Pitching for So Cal Bruins : RHP Won-min Im
Batting: SHB Oliver Deleón 0-0: Ball
1-0: SINGLE (Line Drive, 6M)
Batting: RHB Ramón Hernández 0-0: Ball
1-0: Called Strike
1-1: Ball
2-1: Ball
3-1: Reached on error, E6 (Groundball, 6MD)
Oliver Deleón to second
Batting: RHB Dave O'Loan 0-0: Ball
1-0: Ball
2-0: Ball
3-0: Base on Balls
Oliver Deleón to third
Ramón Hernández to second
Batting: RHB Greg Handrahan 0-0: Swinging Strike
0-1: Called Strike
0-2: Ball
1-2: Ball
2-2: Strikes out looking
Batting: RHB Run-ming Zhu 0-0: Swinging Strike
0-1: Ball
1-1: Called Strike
1-2: Foul Ball, location: 2F
1-2: Ball
2-2: Fly out, F8 (Flyball, 8LM)
Runner from 3rd tags up, OUT at HOME
Bottom of the 4th over - 0 runs, 1 hit, 1 error, 2 left on base; So Cal 1 - New Orleans 2
TOP OF THE 5TH
So Cal Bruins batting - Pitching for New Orleans Looters : RHP Edward Baker
Batting: RHB William Richardson 0-0: Called Strike
0-1: Swinging Strike
0-2: Ball
1-2: Strikes out swinging
Batting: LHB Jeff Carter 0-0: Swinging Strike
0-1: Called Strike
0-2: Ball
1-2: Ball
2-2: Strikes out swinging, 2-3 out at first.
Batting: RHB Dani Vázquez 0-0: Ball
1-0: Foul Ball, location: 2F
1-1: Ball
2-1: Foul Ball, location: 2F
2-2: Fly out, F7 (Flyball, 7S)
Top of the 5th over - 0 runs, 0 hits, 0 errors, 0 left on base; So Cal 1 - New Orleans 2
BOTTOM OF THE 5TH
New Orleans Looters batting - Pitching for So Cal Bruins : RHP Won-min Im
Batting: LHB Miguel Colón 0-0: Ball
1-0: Foul Ball, location: 2F
1-1: Ball
2-1: SINGLE (Groundball, 6MD)
Batting: RHB Rubén Vázquez 0-0: Ball
1-0: Called Strike
1-1: Fielders Choice at 2nd, 6-4 (Groundball, 6)
Batting: SHB Arturo Sánchez 0-0: Ball
1-0: Foul Ball, location: 2F
1-1: Ball
Rubén Vázquez steals 2nd base
2-1: Intentional Walk
Batting: LHB Taylor Smith 0-0: Swinging Strike
0-1: Ball
1-1: Ball
2-1: Ball
3-1: Fly out, F6 (Popup, 6)
Batting: SHB Oliver Deleón 0-0: Ball
1-0: Called Strike
1-1: Ball
2-1: Ball
3-1: Foul Ball, location: 2F
3-2: Ground out 6-3 (Groundball, 6M)
Bottom of the 5th over - 0 runs, 1 hit, 0 errors, 2 left on base; So Cal 1 - New Orleans 2
TOP OF THE 6TH
So Cal Bruins batting - Pitching for New Orleans Looters : RHP Edward Baker
Batting: LHB Jesús Campos 0-0: Called Strike
0-1: Swinging Strike
0-2: Strikes out swinging, 2-3 out at first.
Batting: SHB Martín De Jesús 0-0: Ball
1-0: Foul Ball, location: 2F
1-1: Ball
2-1: Ball
3-1: SINGLE (Groundball, 4MD)
Pitching: RHP Anthony O'Connor
Batting: RHB Earl Wiggins 0-0: Called Strike
0-1: Ball
1-1: Ball
2-1: Fly out, F7 (Flyball, 78D)
Batting: LHB José Antonio Santiago 0-0: Ball
1-0: Foul Ball, location: 2F
1-1: Ball
2-1: Fielders Choice at 2nd, 6-4 (Groundball, 6)
Top of the 6th over - 0 runs, 1 hit, 0 errors, 1 left on base; So Cal 1 - New Orleans 2
BOTTOM OF THE 6TH
New Orleans Looters batting - Pitching for So Cal Bruins : RHP Won-min Im
Batting: RHB Ramón Hernández 0-0: Called Strike
0-1: Ball
1-1: Swinging Strike
1-2: Strikes out swinging
Batting: RHB Dave O'Loan 0-0: Foul Ball, location: 2F
0-1: Swinging Strike
0-2: Ball
1-2: Fly out, F7 (Flyball, 7S)
Batting: RHB Greg Handrahan 0-0: Ball
1-0: Ball
2-0: Foul Ball, location: 2F
2-1: Swinging Strike
2-2: Ball
3-2: Ground out 4-3 (Groundball, 4M)
Bottom of the 6th over - 0 runs, 0 hits, 0 errors, 0 left on base; So Cal 1 - New Orleans 2
TOP OF THE 7TH
So Cal Bruins batting - Pitching for New Orleans Looters : RHP Anthony O'Connor
Batting: RHB Rubén Calderón 0-0: Called Strike
0-1: Ground out 6-3 (Groundball, 6D)
Batting: LHB Brent Alonzo 0-0: Ball
1-0: Ball
2-0: SINGLE (Groundball, 56D)
Batting: RHB William Richardson 0-0: Called Strike
0-1: Ball
1-1: Foul Ball, location: 2F
1-2: Ball
2-2: Ball
3-2: Base on Balls
Brent Alonzo to second
Batting: LHB Jeff Carter 0-0: Called Strike
0-1: Ball
1-1: Foul Ball, location: 2F
1-2: Ball
2-2: Strikes out swinging
Pitching: RHP Juan Flores
Batting: RHB Dani Vázquez 0-0: Ball
1-0: Called Strike
1-1: Ball
2-1: Ball
3-1: Foul Ball, location: 2F
3-2: Foul Ball, location: 2F
3-2: SINGLE (Groundball, 6MD)
Brent Alonzo to third
William Richardson to second
Brent Alonzo scores
William Richardson to third
Batting: LHB Jesús Campos 0-0: Foul Ball, location: 2F
0-1: Ball
1-1: Called Strike
1-2: SINGLE (Groundball, 4D)
William Richardson scores
Dani Vázquez to second
Runner from 2nd tries for 3rd, SAFE, no throw
Batting: SHB Martín De Jesús 0-0: Called Strike
0-1: Called Strike
0-2: Ball
1-2: Ball
2-2: Strikes out swinging
Top of the 7th over - 2 runs, 3 hits, 0 errors, 2 left on base; So Cal 3 - New Orleans 2
BOTTOM OF THE 7TH
New Orleans Looters batting - Pitching for So Cal Bruins : RHP Won-min Im
Pitching: RHP Masahiko Okada
Batting: RHB Run-ming Zhu 0-0: Swinging Strike
0-1: Swinging Strike
0-2: Strikes out swinging
Batting: LHB Miguel Colón 0-0: Ball
1-0: Ball
2-0: Called Strike
2-1: Ground out 4-3 (Groundball, 4D)
Batting: RHB Rubén Vázquez 0-0: Foul Ball, location: 2F
0-1: Ball
1-1: Foul Ball, location: 2F
1-2: Ball
2-2: Ball
3-2: Foul Ball, location: 2F
3-2: Foul Ball, location: 2F
3-2: Foul Ball, location: 2F
3-2: Fly out, F6 (Line Drive, 6M)
Bottom of the 7th over - 0 runs, 0 hits, 0 errors, 0 left on base; So Cal 3 - New Orleans 2
TOP OF THE 8TH
So Cal Bruins batting - Pitching for New Orleans Looters : RHP Juan Flores
Batting: RHB Earl Wiggins 0-0: Ball
1-0: Foul Ball, location: 2F
1-1: Ball
2-1: Swinging Strike
2-2: Strikes out looking
Batting: LHB José Antonio Santiago 0-0: Called Strike
0-1: Ball
1-1: Ball
2-1: Ball
3-1: Swinging Strike
3-2: Strikes out looking
Batting: RHB Rubén Calderón 0-0: Called Strike
0-1: Ball
1-1: Foul Ball, location: 2F
1-2: DOUBLE (Flyball, 78XD)
Batting: LHB Brent Alonzo 0-0: Called Strike
0-1: Swinging Strike
0-2: Ball
1-2: Ball
2-2: Ball
3-2: Base on Balls
Batting: RHB William Richardson 0-0: Ball
1-0: Called Strike
1-1: Ball
2-1: Called Strike
2-2: Foul Ball, location: 2F
2-2: Ball
3-2: Ground out 5-3 (Groundball, 5L)
Top of the 8th over - 0 runs, 1 hit, 0 errors, 2 left on base; So Cal 3 - New Orleans 2
BOTTOM OF THE 8TH
New Orleans Looters batting - Pitching for So Cal Bruins : RHP Masahiko Okada
Now in RF: Adrian Prouse
Batting: SHB Arturo Sánchez 0-0: Foul Ball, location: 2F
0-1: Called Strike
0-2: Ball
1-2: Strikes out swinging
Batting: LHB Taylor Smith 0-0: Ball
1-0: Ball
2-0: Called Strike
2-1: Ball
3-1: Base on Balls
Batting: SHB Oliver Deleón 0-0: Ball
1-0: Ball
2-0: Ball
3-0: Called Strike
3-1: Called Strike
3-2: Base on Balls
Taylor Smith to second
Batting: RHB Ramón Hernández 0-0: Ball
1-0: Grounds into double play, 6-4-3 (Groundball, 6)
Bottom of the 8th over - 0 runs, 0 hits, 0 errors, 1 left on base; So Cal 3 - New Orleans 2
TOP OF THE 9TH
So Cal Bruins batting - Pitching for New Orleans Looters : RHP Juan Flores
Pitching: LHP Juan Méndez
Batting: LHB Jeff Carter 0-0: Ball
1-0: Ball
2-0: Ground out U3 (Groundball, 3)
Batting: RHB Dani Vázquez 0-0: Ball
1-0: Called Strike
1-1: Called Strike
1-2: SINGLE (Line Drive, 7LS)
Batting: LHB Jesús Campos 0-0: Ball
1-0: Called Strike
1-1: Ball
2-1: Swinging Strike
2-2: Foul Ball, location: 2F
2-2: Strikes out swinging
Batting: SHB Martín De Jesús 0-0: Ball
1-0: Foul Ball, location: 2F
1-1: Called Strike
1-2: Ball
2-2: Strikes out swinging
Top of the 9th over - 0 runs, 1 hit, 0 errors, 1 left on base; So Cal 3 - New Orleans 2
BOTTOM OF THE 9TH
New Orleans Looters batting - Pitching for So Cal Bruins : RHP Masahiko Okada
Pitching: RHP César Menéndez
Batting: RHB Dave O'Loan 0-0: Called Strike
0-1: Ball
1-1: Ball
2-1: Swinging Strike
2-2: Foul Ball, location: 2F
2-2: Foul Ball, location: 2F
2-2: Ball
3-2: Ground out 6-3 (Groundball, 6MD)
Batting: RHB Greg Handrahan 0-0: Called Strike
0-1: Hit by Pitch
Pinch Hitting: LHB Eduardo Rodríguez 0-0: Called Strike
0-1: Ball
1-1: DOUBLE (Line Drive, 78D)
Greg Handrahan to third
Batting: LHB Miguel Colón 0-0: Ball
1-0: Called Strike
1-1: Swinging Strike
1-2: Ball
2-2: Strikes out swinging
Batting: RHB Rubén Vázquez 0-0: Ball
1-0: Ball
2-0: Foul Ball, location: 2F
2-1: SINGLE (Line Drive, 5)
Greg Handrahan scores
Eduardo Rodríguez to third
Runner from 3rd tries for Home, SAFE, no throw
Saturday, April 7th, 2018 - OOTP Baseball 18.8 Build 76